 Dungeon Crawl Stone Soup version 0.21.1-1-g345015f (webtiles) character file.

452 Fang the Chopper (level 7, -7/66 HPs)
             Began as a Gargoyle Berserker on May 10, 2018.
             Was a Priest of Trog.
             Mangled by Falco's ghost (9 damage)
             ... on level 5 of the Dungeon.
             The game lasted 00:05:24 (3227 turns).

Fang the Chopper (Gargoyle Berserker)               Turns: 3227, Time: 00:05:24

Health: -7/66      AC:  9    Str: 27    XL:     7   Next: 5%
Magic:  7/7        EV: 13    Int:  8    God:    Trog [***...]
Gold:   143        SH:  0    Dex:  9    Spells: 6/6 levels left

rFire    . . .     SeeInvis .   a - +1 hand axe
rCold    . . .     Gourm    .   (no shield)
rNeg     + . .     Faith    .   b - +2 animal skin
rPois    ∞         Spirit   .   (no helmet)
rElec    +         Reflect  .   (no cloak)
rCorr    .         Harm     .   (no gloves)
MR       .....                  (no boots)
Stlth    ..........             (no amulet)
HPRegen  0.21/turn              f - ring of wizardry
MPRegen  0.10/turn              (no ring)

@: berserking, very quick
A: negative energy resistance 1, electricity resistance, unbreathing,
petrification resistance, rot immunity, AC +4
a: Berserk, Trog's Hand, Burn Spellbooks, Renounce Religion


You were on level 5 of the Dungeon.
You worshipped Trog.
Trog was most pleased with you.
You were very hungry.

You visited 1 branch of the dungeon, and saw 5 of its levels.

You collected 143 gold pieces.

Inventory:

Hand Weapons
 a - a +1 hand axe (weapon)
Armour
 b - a +2 animal skin (worn)
Jewellery
 f - a ring of wizardry (left hand)
 m - a cursed amulet of inaccuracy {unknown}
Scrolls
 e - 3 scrolls of blinking
 i - a scroll of remove curse
 j - a scroll of magic mapping {unknown}
Potions
 d - a potion of agility
 g - 2 potions of magic
 h - 2 potions of curing
 k - a potion of degeneration {unknown}
 n - a potion of lignification {unknown}
Books
 l - a book of Minor Magic

   Spells                             Type                      Level
   a - Magic Dart                     Conjuration                  1
   b - Blink                          Translocation                2
   c - Call Imp                       Summoning                    2
   d - Slow                           Hexes                        2
   e - Conjure Flame                  Conjuration/Fire             3
   f - Mephitic Cloud                 Conjuration/Poison/Air       3
   Trog disapproves of the use of such an item.
Comestibles
 c - 9 rations
 o - 3 chunks of flesh


   Skills:
 + Level 4.5 Fighting
 + Level 5.1 Axes
 + Level 2.4 Armour
 + Level 3.4 Dodging
 + Level 1.7 Stealth


You had 6 spell levels left.
You didn't know any spells.

Dungeon Overview and Level Annotations

Branches:
Dungeon (5/15)             Temple (0/1) D:4

Altars:
Ashenzari
Hepliaklqana
Vehumet

Annotations:
D:5 Falco's ghost, amateur MfGl


Innate Abilities, Weirdness & Mutations

You are resistant to torment.
Your stone body is resilient. (AC +4)
You are immune to poison.
You resist negative energy. (rN+)
You are resistant to electric shocks. (rElec)
You can survive without breathing.
You are immune to petrification.
You are immune to rotting.


Message History

Falco's ghost hits you! Falco's ghost hits you.
* * * LOW HITPOINT WARNING * * *
Falco's ghost hits you but does no damage.
Found 32 stones, a crooked fluorescent wand and a chain mail.
Unknown command.
You're too hungry.
Eat one of 5 chunks of flesh? (ye/n/q)
You eat one of the 5 chunks of flesh.
This raw flesh tastes terrible.
You are feeling very hungry.
Falco's ghost closely misses you.
Eat one of 4 chunks of flesh? (ye/n/q)
You eat one of the 4 chunks of flesh.
This raw flesh tastes terrible.
Falco's ghost hits you!
* * * LOW HITPOINT WARNING * * *
A red film seems to cover your vision as you go berserk!
You feel yourself moving faster!
You feel mighty!
You are feeling hungry.
You are feeling very hungry.
Falco's ghost hits you!
You die...

...........$.
.....[...........
........>......
.............
../........ (...
... #.. #.#+#
#$#####.#.#
#@W.......#
#.........#
##........###
#........+.#
#........#.#
#........#.#
#........#.#
#........#.#
#......<...#


You could see Falco's ghost.

Vanquished Creatures
  Blork the orc (D:4)
  2 crimson imps
  2 centaur skeletons
  2 orc priests (D:3)
  A worker ant (D:5)
  Robin (D:4)
  6 adders
  An ooze (D:2)
  A worm (D:4)
  2 dart slugs (D:1)
  2 leopard geckos
  15 orcs
  7 bats
  3 giant cockroaches
  14 goblins
  5 hobgoblins
  4 jackals (D:1)
  5 kobolds
  A quokka (D:4)
  5 frilled lizards
  A leopard gecko skeleton (D:4)
  6 rats
87 creatures vanquished.

Notes
Turn   | Place    | Note
-------+----------+-------------------------------------------
     0 | D:1      | Fang the Gargoyle Berserker began the quest for the Orb.
     0 | D:1      | Reached XP level 1. HP: 14/14 MP: 1/1
    10 | D:1      | Reached XP level 2. HP: 12/19 MP: 2/2
   201 | D:1      | Reached skill level 3 in Axes
   597 | D:1      | Reached XP level 3. HP: 20/23 MP: 3/3
   738 | D:1      | Reached ** piety under Trog
   986 | D:2      | Found a faded altar of an unknown god.
  1215 | D:3      | Reached XP level 4. HP: 29/29 MP: 4/4
  1230 | D:3      | Reached XP level 5. HP: 31/33 MP: 5/5
  1236 | D:3      | Reached skill level 4 in Axes
  1481 | D:3      | Found a radiant altar of Vehumet.
  1938 | D:4      | Reached *** piety under Trog
  1967 | D:4      | Reached skill level 1 in Stealth
  2041 | D:4      | Noticed Robin
  2055 | D:4      | Killed Robin
  2055 | D:4      | Reached XP level 6. HP: 38/38 MP: 6/6
  2139 | D:4      | Found a staircase to the Ecumenical Temple.
  2276 | D:4      | Noticed Blork the orc
  2286 | D:4      | Killed Blork the orc
  2700 | D:4      | Found a shattered altar of Ashenzari.
  2701 | D:4      | Found a hazy altar of Hepliaklqana.
  3147 | D:5      | Entered Level 5 of the Dungeon
  3176 | D:5      | Reached skill level 5 in Axes
  3191 | D:5      | Reached XP level 7. HP: 27/44 MP: 7/7
  3210 | D:5      | Noticed Falco's ghost (amateur MfGl)
  3226 | D:5      | HP: 1/44 [Falco's ghost (11)]
  3227 | D:5      | Mangled by Falco's ghost

Skill      XL: |  1  2  3  4  5  6 |
---------------+-------------------+-----
Axes           | 3 4 5 |  5.1
Dodging        | 2 3 |  3.4
Fighting       | 4 |  4.5
Stealth        | 1 |  1.7
Armour         | |  2.4

Action                   |  1- 3 |  4- 6 |  7- 9 || total
-------------------------+-------+-------+-------++-------
Melee: Hand axe          |    89 |   203 |    15 ||   307
Invok: Berserk           |     2 |     2 |     1 ||     5
  Use: Scroll            |     9 |     3 |       ||    12
 Stab: Sleeping          |       |     2 |       ||     2
  Eat: Chunk             |     1 |     8 |     2 ||    11
Armor: Animal skin       |    42 |    76 |     9 ||   127
Dodge: Dodged            |    71 |   137 |    14 ||   222
